 Dungeon Crawl Stone Soup version 0.16-a0-2970-ge3807df (webtiles) character file.

1203018 Johnny the Portalist (level 27, 216/230 (239) HPs)
             Began as a Demigod Necromancer on Dec 2, 2014.
             Starved to death
             ... in Pandemonium on Dec 5, 2014.
             The game lasted 19:06:22 (198095 turns).

Johnny the Portalist (Demigod Necromancer)        Turns: 198095, Time: 19:06:22

HP:   216/230 (239) AC: 25    Str: 14      XL:     27
MP:   21/45         EV: 36    Int: 30 (31) God:
Gold: 15221         SH:  0    Dex: 29      Spells: 10 memorised, 2 levels left

rFire  + + +     SeeInvis +     E - +9 lajatang (protect)
rCold  + + .     Clarity  .     t - +2 robe "Ameikauv" {rElec rPois rCorr Int+4}
rNeg   + . .     SustAb   +     (no shield)
rPois  +         Gourm    .     n - +3 hat of the Invisible Hand {MR+ Slay+4}
rElec  +         Spirit   .     T - +4 dragonskin cloak
rCorr  +         Warding  .     v - +2 pair of gloves {Dex+3}
rMut   +         Stasis   .     r - +2 pair of boots {run}
MR     +++..                    M - amulet of Creativity {rMut +Rage +Fly rC+ rN+}
Stlth  ++++......               P - ring of protection from cold
                                A - ring of Vauhobrep {+Blink rF++ Str+3 SInv}

@: very slightly contaminated, starving, studying 2 skills, quick, extremely
resistant to hostile enchantments, stealthy
A: blurry vision 1, fire resistance 1, sustain abilities
a: Evoke Blink, Evoke Berserk Rage, Evoke Flight
}: 11/15 runes: barnacled, slimy, silver, golden, abyssal, demonic, glowing,
magical, fiery, dark, gossamer


You were in Pandemonium.
You were starving.

You visited 12 branches of the dungeon, and saw 67 of its levels.
You visited Pandemonium 10 times, and saw 30 of its levels.
You visited the Abyss 6 times.
You also visited: Trove, Sewer, Ossuary, Bailey, Ice Cave and Volcano.

You collected 18618 gold pieces.
You spent 3397 gold pieces at shops.

Inventory:

Hand weapons
 E - a +9 lajatang of protection (weapon)
Armour
 n - the +3 hat of the Invisible Hand (worn) {MR+ Slay+4}
   (You found it on level 2 of the Vaults)

   It affects your accuracy and damage with ranged weapons and melee attacks
   (+4).
   It affects your resistance to hostile enchantments.
 r - a +2 pair of boots of running (worn)
 t - the +2 robe "Ameikauv" (worn) {rElec rPois rCorr Int+4}
   (You found it on level 4 of the Realm of Zot)

   It affects your intelligence (+4).
   It insulates you from electricity.
   It protects you from poison.
   It protects you from acid and corrosion.
 v - a +2 pair of gloves of dexterity (worn)
 T - the +4 dragonskin cloak (worn)
   (You took it off Tiamat on level 1 of the Realm of Zot)
Jewellery
 A - the ring of Vauhobrep (left hand) {+Blink rF++ Str+3 SInv}
   (You found it on level 6 of the Pits of Slime)

   [ring of strength]

   It affects your strength (+3).
   It greatly protects you from fire.
   It enhances your eyesight.
   It lets you blink.
 C - the cursed ring of Thaxarou {rPois rF+, unknown}
   (You took it off an angel in Pandemonium)

   [ring of protection from fire]

   It protects you from fire.
   It protects you from poison.
   It has a curse placed upon it.
 M - the amulet of Creativity (around neck) {rMut +Rage +Fly rC+ rN+}
   (You found it in Pandemonium)

   [amulet of resist mutation]

   It protects you from mutation.
   It protects you from cold.
   It protects you from negative energy.
   It lets you fly.
   It lets you go berserk.
 P - a ring of protection from cold (right hand)
Magical devices
 a - a wand of hasting (1)
 h - a wand of teleportation (4)
 q - a wand of digging (1)
 Q - a wand of teleportation (4)
 W - a wand of heal wounds (3)
Scrolls
 c - a scroll of amnesia
 j - 16 scrolls of fog
 l - 9 scrolls of immolation
 o - 9 scrolls of recharging
 p - 25 scrolls of teleportation
 s - 11 scrolls of silence
 K - 3 scrolls of blinking
 L - 21 scrolls of remove curse
 R - 2 scrolls of summoning
 X - a scroll of fear
 Z - 8 scrolls of magic mapping
Potions
 e - 6 potions of might
 f - 20 potions of curing
 i - 5 potions of agility
 w - 12 potions of restore abilities
 B - 16 potions of brilliance
 D - 4 potions of flight
 J - a potion of ambrosia
 U - 3 potions of resistance
 V - 4 potions of heal wounds
Books
 F - a manual of Staves
 N - a manual of Conjurations
Miscellaneous
 b - a crystal ball of energy
 d - a fan of gales (inert, charging)
 g - a fan of gales
 k - a phial of floods (inert)
 m - a lamp of fire (inert)
 u - a phial of floods (inert, charging)
 x - a phial of floods (inert)
 y - a phial of floods (inert)
 z - a stone of tremors
 G - a stone of tremors
 H - a fan of gales
 I - a phial of floods (inert)
 O - a stone of tremors (inert, charging)
 S - a lamp of fire (inert, charging)
 Y - a stone of tremors


   Skills:
 * Level 21.5 Fighting
   Level 0.5 Axes
 + Level 18.8 Staves
 * Level 11.8 Armour
 * Level 21.0 Dodging
 - Level 5.3 Stealth
 + Level 16.2 Spellcasting
 + Level 12.3 Conjurations
 - Level 17.7 Charms
 - Level 21.7 Necromancy
 + Level 23.5 Translocations
 - Level 17.1 Transmutations
   Level 3.3 Fire Magic
 - Level 14.9 Earth Magic
 + Level 22.2 Evocations


You had 2 spell levels left.
You knew the following spells:

 Your Spells              Type           Power        Failure   Level  Hunger
a - Controlled Blink      Tloc           N/A          1%          7    #####..
b - Necromutation         Trmt/Necr      #######...   4%          8    ######.
c - Vampiric Draining     Necr           ########..   0%          3    None
d - Haste                 Chrm           #######.     1%          6    ###....
e - Regeneration          Chrm/Necr      #######...   0%          3    None
f - Iron Shot             Conj/Erth      #######...   1%          6    ###....
g - Phase Shift           Tloc           ########..   0%          5    None
h - Singularity           Tloc           ########..   14%         9    #######
i - Dispel Undead         Necr           ########     0%          5    None
j - Control Undead        Necr           ########..   0%          4    None


Dungeon Overview and Level Annotations

Branches:
Dungeon (15/15)            Temple (0/1) D:6            Lair (8/8) D:8
 Shoals (5/5) Lair:4       Spider (5/5) Lair:4        Slime (6/6) Lair:7
    Orc (4/4) D:11            Elf (3/3) Orc:4        Vaults (5/5) D:13
  Crypt (3/3) Vaults:2       Tomb (3/3) Crypt:3      Depths (5/5) D:15
    Zot (5/5) Depths:5

Shops:
Orc:3 [   Orc:4 [*(:   Elf:3 (   Vaults:3 *(   Vaults:4 [   Depths:1 *

Portals:
Hell: Depths:1 Depths:2 Depths:3 Depths:4 Depths:5
Abyss: Depths:2 Depths:4
Pandemonium: Depths:2 Depths:3
Ziggurat: Depths:3

Annotations:
Elf:2 runed door
Depths:3 runed door


Innate Abilities, Weirdness & Mutations

Your attributes are resistant to harm.
Scrolls take you a little longer to read.
Your flesh is heat resistant.


Message History

a sacred scourge of holy wrath; a robe There isn't anything to butcher here.
An apis comes into view.
You see here 3 stones.
You see here 4 stones.
You don't have the energy to cast that spell.
There is an open gate here.
Your water elemental hits the apis!!
Things that are here:
a whip of holy wrath; a robe
Things that are here:
a whip of holy wrath; a robe Your extra speed is starting to run out.
You feel yourself slow down.
Things that are here:
a sacred scourge of holy wrath; a robe You lose consciousness!
You can move again.
You have starved to death.
You die...

#........#*,,*#..#######
##...)....#*,,*#.......(E
##.........#*,,*#...(E...8
#..........#*,,*#(((.)....
##....#.....#*,,*#..#######
#....####...#*,,*#..###8#8#
#...## #..).#*,,*#..##≈≈§≈≈
#...####....#*,,*#..#8≈E§§§
#....##...@.#*,,*#.E##§EA§A
##..........#*,,*#((.§*§§*§
#.......)..#*,,*#..##§§§EE
##.........#*,,*#≈≈#8≈≈§≈.
##........#*,,*#####≈....
###...)..#*,,*,,,*8≈...#
##.....#*,,*,,,##≈≈≈##
#.....#*,,***'*#####*
##..).#*,,,,,,**≈,,,,


There were no monsters in sight!

Vanquished Creatures
  the royal jelly (Slime:6)
  Mnoleg (Pan)
  3 orbs of fire
  10 ancient liches
  29 greater mummies
  Sojobo (Tomb:3)
  Mara (Tomb:2)
  8 Killer Klowns
  15 golden dragons
  A pearl dragon (Pan)
  10 pandemonium lords (Pan)
  Frederick (Vaults:4)
  the Enchantress (Depths:1)
  7 bone dragons
  3 electric golems
  12 Brimstone Fiends (Pan)
  2 caustic shrikes (Depths:3)
  10 Hell Sentinels
  6 Ice Fiends (Pan)
  14 tentacled monstrosities
  22 Orb Guardians
  2 deep elf blademasters (Elf:3)
  15 liches
  2 deep elf master archers (Elf:3)
  6 Shadow Fiends (Pan)
  A quicksilver dragon (Vaults:5)
  A titan (Vaults:5)
  29 acid blobs
  A kraken (Shoals:4)
  32 tentacled starspawn
  37 Executioners
  Agnes (Elf:1)
  7 sphinxes
  6 tengu reavers
  5 shadow dragons
  8 ancient champions
  16 azure jellies
  13 storm dragons
  4 draconian monks
  10 fire giants
  2 daevas (Pan)
  7 revenants
  3 ghost moths
  A greater naga (Pan)
  An orc warlord (Orc:3)
  43 balrugs
  11 vault wardens
  3 draconian scorchers
  4 draconian knights
  10 deep elf sorcerers
  8 frost giants
  4 curse skulls
  21 ghouls
  22 cacodemons
  A draconian zealot (Zot:5)
  4 emperor scorpions
  15 very ugly things
  8 warmongers (Pan)
  15 angels
  4 draconian annihilators
  4 spriggan defenders
  4 draconian shifters
  19 stone giants
  2 vampire knights
  2 draconian callers (Zot:5)
  5 deep elf demonologists
  15 rakshasas
  25 reapers
  3 salamander firebrands
  8 grey draconians
  A spectral titan (Tomb:3)
  14 apis (Pan)
  20 chaos champions (Pan)
  5 black draconians
  11 green draconians
  6 blood saints (Pan)
  7 corrupters (Pan)
  9 bennus
  6 purple draconians
  6 dire elephants
  5 yellow draconians
  7 red draconians
  9 pale draconians
  7 deep elf annihilators
  7 black suns (Pan)
  3 mottled draconians
  15 lorocyprocas
  4 white draconians
  18 green deaths
  18 eidola
  Snorg (Elf:3)
  3 minotaurs
  3 unborn
  6 deep elf death magi
  4 merfolk javelineers
  4 death oozes
  22 mummy priests
  19 fire dragons
  7 deep elf high priests
  11 jiangshi
  10 great orbs of eyes
  21 vault guards
  9 ettins
  14 yaktaur captains
  A quicksilver dragon zombie (Crypt:3)
  37 blizzard demons
  5 merfolk impalers
  2 hydras
  Fannar (Orc:2)
  4 quicksilver dragon skeletons
  Harold (D:11)
  10 ironheart preservers
  41 monstrous demonspawn (Pan)
  14 ice dragons
  3 spriggan air magi (Depths:3)
  6 death cobs
  9 ogre magi
  3 merfolk avatars
  2 salamanders (shapeshifter)
  A merfolk aquamancer (Pan)
  An anaconda (shapeshifter) (D:15)
  13 dancing weapons
  24 hell beasts (Pan)
  7 centaur warriors
  5 vampire magi
  3 deep troll earth magi
  11 death yaks
  4 tengu warriors
  4 hell hogs (Abyss:3)
  A deep troll shaman (Depths:2)
  23 thrashing horrors
  A spriggan berserker (Depths:4)
  32 soul eaters
  The ghost of Thrillho the Nimble, an experienced OpBe of Trog (D:9)
  Nergalle (Lair:7)
  A storm dragon zombie (Tomb:3)
  5 hell knights (Depths:4)
  2 titan skeletons
  24 wretched stars
  27 deep elf knights
  2 catoblepae
  A sea snake (shapeshifter) (Depths:5)
  2 fire crabs (shapeshifter)
  13 shadow demons (Pan)
  17 skeletal warriors
  92 sun demons
  A deep troll (shapeshifter) (Depths:3)
  5 wizards (Pan)
  A fire crab (Depths:4)
  15 shadow wraiths
  A salamander mystic (Volcano)
  2 golden dragon zombies
  6 storm dragon skeletons
  4 unseen horrors
  8 spatial maelstroms
  An anaconda zombie (Crypt:3)
  33 ice devils
  2 death drakes (Zot:5)
  38 gelid demonspawn (Pan)
  35 infernal demonspawn (Pan)
  52 death scarabs
  12 deep elf summoners
  7 deep trolls
  4 salamanders
  4 flayed ghosts
  2 ice statues (IceCv)
  7 sea snakes
  35 putrid demonspawn (Pan)
  11 giant orange brains
  11 ironbrand convokers
  30 torturous demonspawn (Pan)
  3 anaconda skeletons
  A shadow dragon zombie (Crypt:1)
  A golden dragon skeleton (Pan)
  11 hill giants
  18 anubis guards
  8 harpies
  4 wolf spider zombies
  46 ugly things
  A wolf spider (shapeshifter) (Vaults:1)
  6 deep elf conjurers
  3 orb spiders (Spider:1)
  13 orc knights
  A shadow dragon skeleton (Pan)
  3 water nymphs
  A draconian zombie (Zot:5)
  3 iron dragon zombies
  17 moths of wrath
  6 worldbinders
  3 frost giant zombies
  6 manticores
  8 cyclopes
  6 griffons
  18 necromancers
  22 wolf spiders
  9 shining eyes
  A red wasp (shapeshifter) (Depths:4)
  4 red wasps
  3 stone giant zombies (Crypt:2)
  10 phantasmal warriors
  9 elephants
  A steam dragon (D:10)
  4 fauns
  4 orc sorcerers
  68 sixfirhies
  3 iron dragon skeletons
  A black mamba (shapeshifter) (Elf:2)
  A moth of wrath (shapeshifter) (Vaults:5)
  2 fire giant skeletons (Pan)
  2 guardian serpents
  A molten gargoyle (Volcano)
  Maurice (Orc:2)
  11 spiny frogs
  12 vault sentinels
  2 stone giant skeletons
  3 apocalypse crabs
  3 frost giant skeletons
  9 rust devils
  2 elf zombies (Depths:2)
  2 torpor snails
  A drowned soul (Shoals:2)
  A titan simulacrum (Abyss:2)
  A torpor snail (shapeshifter) (D:15)
  6 black mambas
  2 spriggan zombies
  8 sirens
  3 dire elephant skeletons
  An octopode (shapeshifter) (Vaults:1)
  113 smoke demons
  112 orange demons
  4 kobold demonologists
  4 eyes of devastation
  An elf skeleton (Crypt:2)
  A gargoyle (Volcano)
  A spiny frog (shapeshifter) (Abyss:2)
  5 fire elementals
  2 naga magi
  2 red draconian zombies (Zot:5)
  33 demonic crawlers
  117 hellwings
  50 yaktaurs
  11 hellions (Pan)
  7 tormentors (Pan)
  3 fire drakes
  An elf (shapeshifter) (Abyss:3)
  4 trolls
  87 starcursed masses
  An anaconda simulacrum (Abyss:3)
  35 efreet
  11 komodo dragons
  40 guardian mummies
  17 deep elf priests
  A two-headed ogre (shapeshifter) (Depths:4)
  37 ancient zymes
  32 blue devils
  A mottled draconian skeleton (Crypt:2)
  A polar bear (Lair:4)
  2 queen bees
  74 red devils
  A giant leech (Lair:8)
  A hydra zombie (Crypt:2)
  A merfolk zombie (Shoals:5)
  2 silent spectres
  An iron troll skeleton (Crypt:1)
  19 merfolk
  2 fire vortices (Pan)
  3 catoblepas zombies (Crypt:3)
  12 freezing wraiths
  2 baby alligators (shapeshifter) (D:15)
  10 jumping spiders
  A shadow dragon simulacrum (Abyss:1)
  4 wind drakes
  20 two-headed ogres
  3 bog bodies
  5 wolves (Lair:4)
  13 ravens
  A harpy skeleton (Crypt:1)
  8 boulder beetles
  2 hydra skeletons
  125 slime creatures
  A snapping turtle (shapeshifter) (Depths:3)
  A trapdoor spider zombie (Spider:4)
  2 ettin zombies
  2 basilisks
  20 blink frogs
  12 tarantellas
  23 flying skulls
  50 raiju
  15 trapdoor spiders
  A trapdoor spider (shapeshifter) (D:14)
  16 ushabtiu
  A fire dragon zombie (Crypt:3)
  2 stone giant simulacra
  A basilisk (shapeshifter) (Vaults:5)
  An alligator skeleton (Abyss:3)
  A guardian serpent skeleton (Crypt:1)
  47 yaks
  4 ettin skeletons
  3 ice dragon skeletons
  36 redbacks
  3 snapping turtles
  A fire dragon skeleton (Abyss:2)
  22 air elementals
  8 fire bats
  10 shadows
  A wyvern (D:14)
  26 water elementals
  2 hogs (Shoals:4)
  11 wraiths
  97 ynoxinuls
  16 golden eyes
  34 deep elf magi
  3 spriggans
  9 vampires
  Eustachio (Orc:1)
  A giant leech zombie (Crypt:1)
  A black mamba skeleton (Pan)
  4 hungry ghosts
  99 neqoxecs
  25 chaos spawn
  10 vampire mosquitoes
  8 hippogriffs
  A hippogriff (shapeshifter) (Vaults:2)
  3 wargs
  3 nagas (Abyss:2)
  An infernal demonspawn zombie (Crypt:2)
  40 deep elf fighters
  A mottled dragon (Vaults:2)
  8 raven skeletons (Crypt:3)
  6 hell hounds (Abyss:2)
  6 insubstantial wisps
  A merfolk skeleton (Crypt:1)
  14 spatial vortices
  A putrid demonspawn skeleton (Crypt:1)
  7 water moccasins
  6 porcupines
  A hydra simulacrum (Abyss:3)
  A swamp drake (Zot:4)
  22 spiders
  A baby alligator zombie (Crypt:2)
  4 sky beasts
  6 yellow wasps
  A black bear (shapeshifter) (Vaults:1)
  158 large abominations
  57 orc warriors
  2 spiny frog skeletons
  A sky beast (shapeshifter) (D:13)
  12 eyes of draining
  19 ice beasts
  4 phantoms
  A snapping turtle zombie (Crypt:1)
  A fire dragon simulacrum (Abyss:3)
  2 manticore zombies
  5 boggarts
  9 necrophages
  An ice dragon simulacrum (Crypt:1)
  3 manticore skeletons
  47 ogres
  A swamp dragon skeleton (Crypt:1)
  25 centaurs
  3 snapping turtle skeletons (Pan)
  Sigmund (D:3)
  5 lost souls (Crypt:3)
  A wolf zombie (Lair:4)
  2 yaktaur zombies (Depths:3)
  3 big kobolds
  9 crocodiles
  A giant frog (shapeshifter) (Vaults:5)
  15 giant frogs
  A fire drake skeleton (Crypt:2)
  A gnoll sergeant (D:13)
  11 brain worms
  8 earth elementals
  34 killer bees
  3 scorpions
  A vampire bat (Abyss:2)
  2 killer bees (shapeshifter)
  A troll skeleton (Abyss:1)
  A hippogriff zombie (Crypt:1)
  60 small abominations
  4 lava snakes (Volcano)
  A snapping turtle simulacrum (Abyss:2)
  13 hounds
  20 wights
  A goliath beetle (D:9)
  24 crimson imps
  23 quasits
  6 centaur zombies
  11 centaur skeletons
  A gnoll shaman (D:7)
  30 jellies
  28 orc priests
  2 giant frog skeletons
  10 iguanas
  A polar bear simulacrum (Lair:6)
  7 orange rats
  A yak simulacrum (Lair:6)
  A human skeleton (Pan)
  31 orc wizards
  13 iron imps
  3 wolf simulacra (Lair:6)
  9 worker ants
  A killer bee zombie (D:3)
  A dwarf zombie (Crypt:1)
  2 ogre zombies (Ossuary)
  25 sheep
  A naga zombie (Abyss:2)
  2 hound skeletons
  75 mummies
  A worker ant zombie (D:7)
  12 gnolls
  23 adders
  25 river rats
  12 shadow imps
  35 white imps
  8 giant mites
  3 worms
  140 ufetubi
  4 giant eyeballs (Pan)
  6 adder zombies (Ossuary)
  An adder skeleton (D:8)
  An ooze (D:3)
  185 orcs
  A ball python (D:3)
  17 bats
  2 bat skeletons
  5 giant cockroaches
  23 goblins
  17 hobgoblins
  6 jackals
  26 kobolds
  14 giant geckos
  A giant gecko zombie (D:5)
  3 giant newts
  8 goblin zombies (Ossuary)
  2 hobgoblin zombies (Ossuary)
  A jackal zombie (D:4)
  3 kobold zombies (Ossuary)
  2 lurking horrors
  An orc skeleton (Crypt:1)
  13 quokkas
  A quokka skeleton (D:7)
  4 quokka zombies (Ossuary)
  16 rats
  2 rat zombies (Ossuary)
  A river rat simulacrum (Lair:6)
  A spectral orc (Lair:7)
  5 ballistomycetes
  2 blocks of ice (Pan)
  A butterfly (Abyss:2)
  3 crawling corpses
  4 fungi
  5 grand avatars (Pan)
  6 plants
  24 starspawn tentacles
  4 tentacles (Shoals:4)
5473 creatures vanquished.

Vanquished Creatures (collateral kills)
  Gloorx Vloq (Pan)
  A seraph (Pan)
  Tiamat (Zot:1)
  Lom Lobon (Pan)
  2 ancient liches (Vaults:5)
  10 pandemonium lords (Pan)
  Norris (Spider:3)
  Saint Roka (Shoals:1)
  A curse toe (Zot:3)
  3 golden dragons
  An electric golem (Zot:2)
  A Brimstone Fiend (Pan)
  A caustic shrike (Depths:3)
  9 tentacled monstrosities
  2 Orb Guardians (Zot:5)
  3 Hell Sentinels (Pan)
  A lich (Depths:4)
  3 titans
  A deep elf master archer (Depths:4)
  A deep elf blademaster (Elf:2)
  3 Shadow Fiends (Pan)
  2 tentacled starspawn
  An acid blob (Slime:4)
  6 sphinxes
  Polyphemus (Shoals:1)
  An Executioner (Pan)
  An octopode crusher (Depths:5)
  5 shadow dragons
  An ancient champion (Crypt:1)
  2 tengu reavers
  Kirke (Shoals:4)
  8 storm dragons
  Roxanne (Spider:1)
  4 draconian monks
  2 azure jellies
  Ilsuiw (Shoals:5)
  10 daevas (Pan)
  15 fire giants
  2 ghost moths (Spider:5)
  A corrupter (Pan)
  9 frost giants
  Donald (Spider:3)
  5 vault wardens
  An orc warlord (Depths:4)
  3 draconian scorchers
  10 balrugs
  8 deep elf sorcerers
  Aizul (Shoals:4)
  3 cacodemons (Pan)
  3 draconian zealots
  5 reapers
  6 emperor scorpions
  4 warmongers (Pan)
  9 angels (Pan)
  A ghoul (Crypt:2)
  9 stone giants
  A war gargoyle (Vaults:3)
  2 draconian shifters (Zot:4)
  A vampire knight (Depths:4)
  2 very ugly things
  6 apis (Pan)
  2 grey draconians
  12 ophanim (Pan)
  A draconian caller (Zot:4)
  2 green draconians
  A spectral titan (Crypt:1)
  A bennu (Tomb:1)
  2 black draconians (Zot:3)
  A red draconian (Zot:4)
  A blood saint (Pan)
  3 pale draconians
  5 dire elephants
  2 mottled draconians
  A lorocyproca (Pan)
  4 deep elf annihilators
  2 chaos champions (Pan)
  2 white draconians
  5 purple draconians
  2 black suns (Pan)
  2 yellow draconians
  An unborn (Tomb:2)
  A death ooze (Slime:6)
  4 merfolk javelineers
  A crystal guardian (Vaults:3)
  10 blizzard demons (Pan)
  3 green deaths
  6 ettins
  6 merfolk impalers
  12 fire dragons
  7 vault guards
  A mummy priest (Tomb:2)
  A jiangshi (Crypt:2)
  4 great orbs of eyes
  3 deep elf high priests
  9 rakshasas
  8 ironheart preservers
  13 yaktaur captains
  4 minotaurs
  A naga warrior (Depths:4)
  2 hydras
  A quicksilver dragon skeleton (Crypt:2)
  3 monstrous demonspawn (Pan)
  2 centaur warriors
  5 spriggan air magi
  2 merfolk aquamancers
  3 deep troll earth magi
  2 alligator snapping turtles
  8 ogre magi
  4 dancing weapons (Elf:2)
  4 merfolk avatars
  3 deep troll shamans
  5 ice dragons
  A hell beast (Pan)
  22 death yaks
  A death knight (Crypt:2)
  6 spriggan berserkers
  2 soul eaters
  A storm dragon zombie (Zot:4)
  2 thrashing horrors
  7 sun demons (Pan)
  5 deep elf knights
  2 iron trolls
  12 large abominations
  2 shadow wraiths (Vaults:3)
  4 ice devils (Pan)
  6 skeletal warriors
  3 death scarabs
  10 sea snakes
  13 ball lightnings (Pan)
  A ghost moth zombie (Crypt:1)
  3 giant orange brains
  5 cherubim (Pan)
  An anubis guard (Tomb:2)
  2 gelid demonspawn (Pan)
  18 deep trolls
  4 deep elf summoners
  19 harpies
  2 shadow demons (Pan)
  An ice statue (Pan)
  A deathcap (Zot:3)
  2 infernal demonspawn (Pan)
  7 ironbrand convokers
  4 putrid demonspawn (Pan)
  11 orc knights
  A necromancer (D:13)
  5 griffons
  A wolf spider zombie (D:13)
  An unseen horror (D:12)
  3 cyclopes
  A stone giant zombie (Crypt:3)
  3 hill giants
  16 wolf spiders
  An orc sorcerer (Depths:4)
  3 deep elf conjurers
  2 salamanders
  3 torturous demonspawn (Pan)
  20 orb spiders
  A black mamba (shapeshifter) (Depths:3)
  15 ugly things
  6 phantasmal warriors
  2 wizards
  A frost giant zombie (Crypt:1)
  A cyclops (shapeshifter) (Vaults:5)
  4 manticores
  2 fire giant zombies (Crypt:3)
  2 worldbinders
  2 shining eyes (Slime:1)
  A draconian (shapeshifter) (Depths:1)
  4 red wasps
  6 elephants (Lair:5)
  3 sixfirhies (Pan)
  A moth of wrath (shapeshifter) (D:15)
  A water nymph (Shoals:3)
  A water nymph (shapeshifter) (Vaults:4)
  A drowned soul (Shoals:5)
  7 moths of wrath
  6 sirens
  4 trolls
  A torpor snail (shapeshifter) (Depths:3)
  6 vault sentinels
  20 orange demons (Pan)
  A torpor snail (Spider:5)
  A queen ant (shapeshifter) (Vaults:5)
  11 smoke demons
  2 fire elementals
  2 guardian serpents (shapeshifter)
  A black mamba (Lair:4)
  A yaktaur (shapeshifter) (Depths:5)
  A pale draconian zombie (Zot:3)
  A kobold demonologist (Vaults:3)
  8 spiny frogs
  15 hellwings (Pan)
  4 komodo dragons
  27 yaktaurs
  4 tengu conjurers
  20 hellions (Pan)
  An ancient zyme (Abyss:3)
  6 demonic crawlers
  A ghoul skeleton (Crypt:2)
  2 deep elf priests
  2 tormentors (Pan)
  2 fire drakes
  31 jumping spiders
  2 guardian mummies
  5 air elementals
  11 blink frogs
  12 red devils (Pan)
  A wandering mushroom (Zot:3)
  2 blue devils
  A jumping spider (shapeshifter) (Depths:1)
  Sonja (Spider:1)
  5 freezing wraiths
  19 merfolk
  A giant leech (Lair:8)
  3 boulder beetles
  A two-headed ogre (shapeshifter) (Vaults:3)
  2 raiju (Abyss:3)
  15 slime creatures
  13 two-headed ogres
  An ushabti (Tomb:3)
  6 ravens
  3 wind drakes
  A fire dragon zombie (Crypt:3)
  9 fire vortices (Pan)
  An iron dragon simulacrum (Crypt:3)
  24 trapdoor spiders
  2 basilisks
  An ettin zombie (Crypt:3)
  39 redbacks
  6 earth elementals (Pan)
  A spriggan zombie (Depths:3)
  9 deep elf magi
  A shadow (D:12)
  23 water elementals
  6 snapping turtles
  2 hogs (Shoals:4)
  A flying skull (Crypt:2)
  A fire bat (Lair:6)
  12 yaks
  5 spriggans
  A golden eye (Abyss:2)
  A wraith (Crypt:1)
  4 ynoxinuls (Pan)
  13 deep elf fighters
  23 tarantellas
  6 neqoxecs (Pan)
  2 water moccasins
  A wolf (Lair:4)
  2 hippogriffs
  2 mottled dragons
  A human zombie (Depths:2)
  5 vampire mosquitoes
  A warg (Shoals:2)
  4 ice beasts
  5 porcupines
  26 spiders
  A swamp drake (Zot:4)
  3 boggarts (Vaults:3)
  6 yellow wasps
  15 ogres
  17 orc warriors
  4 centaurs
  A manticore zombie (Crypt:3)
  A necrophage (Crypt:2)
  5 crocodiles
  A big kobold (Sewer)
  2 lost souls (Crypt:2)
  15 giant frogs
  A gnoll sergeant (D:7)
  3 jellies
  A spider zombie (Spider:3)
  3 scorpions
  3 wights (D:7)
  13 killer bees
  4 electric eels
  4 giant frog zombies
  2 orc priests
  A hound (D:9)
  11 starcursed masses
  3 elf zombies
  2 quasits
  3 crimson imps
  2 centaur skeletons
  An iguana (D:11)
  13 orc wizards
  A worker ant (D:8)
  A human skeleton (Crypt:1)
  2 polar bear simulacra (Lair:6)
  A spectral orc (Lair:7)
  A yak simulacrum (Lair:6)
  17 sheep
  3 orange rats
  A wolf simulacrum (Lair:6)
  A tengu skeleton (Crypt:2)
  3 mummies
  A gnoll (D:13)
  23 river rats
  5 white imps (Lair:6)
  4 adders
  A shadow imp (D:9)
  4 giant mites
  17 ufetubi
  3 oozes (Lair:7)
  49 orcs
  A jackal (Sewer)
  2 quokkas
  2 goblins
  11 kobolds
  A kobold zombie (D:13)
  2 orc zombies
  A rat (D:9)
  A rat skeleton (Crypt:2)
  A river rat simulacrum (Lair:6)
  A butterfly (Abyss:2)
  A crawling corpse (Vaults:5)
  3 fungi
  7 plants
  2 starspawn tentacles (Abyss:1)
  A starspawn tentacle segment (Abyss:1)
  A tentacle (Shoals:4)
1537 creatures vanquished.

Vanquished Creatures (others)
  Cerebov (Pan)
  An Orb Guardian (Zot:5)
  A deep elf blademaster (Elf:2)
  An Executioner (Pan)
  7 eldritch tentacles
  A tengu reaver (Vaults:5)
  A fire giant (Depths:5)
  A balrug (Pan)
  A draconian knight (Zot:3)
  An emperor scorpion (Tomb:3)
  A reaper (Pan)
  A white draconian (Zot:1)
  A deep elf annihilator (Elf:3)
  A dire elephant (Depths:2)
  A blizzard demon (Pan)
  An ettin (Depths:4)
  A jiangshi (Crypt:1)
  3 deep elf high priests
  A fire dragon (Zot:1)
  An ice dragon (Depths:3)
  A guardian serpent zombie (Shoals:4)
  A hell beast (Pan)
  An ogre mage (Vaults:3)
  3 storm dragon zombies
  2 infernal demonspawn (Pan)
  A skeletal warrior (Tomb:2)
  9 ball lightnings (Pan)
  A deep elf knight (Elf:1)
  7 death scarabs
  5 golden dragon zombies
  A shadow demon (Pan)
  A torturous demonspawn (Pan)
  A harpy (Shoals:1)
  9 wolf spider zombies
  A deep elf conjurer (Vaults:5)
  16 ugly thing zombies
  2 ironbrand convokers (Vaults:5)
  A necromancer (Crypt:3)
  2 frost giant zombies
  9 fire giant zombies
  A manticore (Shoals:2)
  7 draconian zombies
  A salamander (Volcano)
  6 stone giant zombies
  18 drowned souls
  121 water elementals
  2 dire elephant zombies
  A salamander zombie (Depths:4)
  A draconian skeleton (Zot:1)
  An elephant (Lair:4)
  4 grey draconian zombies
  3 emperor scorpion zombies
  6 sea snake zombies
  42 fire elementals
  A moth of wrath (Zot:5)
  A pale draconian zombie (Zot:2)
  A yellow draconian zombie (Zot:2)
  A black draconian zombie (Zot:4)
  3 orange demons (Pan)
  11 death yak zombies
  A mottled draconian zombie (Zot:1)
  A hellion (Pan)
  3 green draconian zombies
  A red draconian zombie (Zot:4)
  An iron troll zombie (Depths:2)
  15 redback zombies
  An ancient zyme (Abyss:3)
  A black draconian skeleton (Zot:1)
  A troll (Shoals:2)
  8 harpy zombies
  A purple draconian zombie (Zot:2)
  A demonic crawler zombie (Spider:5)
  5 ghoul skeletons
  A red devil (Pan)
  10 fire vortices (Pan)
  A merfolk (Shoals:2)
  A deep elf priest (Elf:3)
  4 hellwings
  2 red wasp zombies (Spider:3)
  2 minotaur zombies
  A harpy skeleton (Shoals:1)
  6 trapdoor spider zombies (Spider:5)
  163 air elementals
  9 jumping spider zombies
  4 moth of wrath zombies
  9 tarantella zombies
  5 ettin zombies
  A raiju (Abyss:3)
  7 ice dragon zombies
  4 blink frogs (Lair:7)
  4 griffon zombies
  8 fire dragon zombies
  11 flying skulls
  5 redbacks
  A wind drake zombie (Shoals:4)
  A fire dragon skeleton (Vaults:5)
  An ettin skeleton (Vaults:3)
  A spriggan (Depths:2)
  12 trapdoor spiders
  2 ynoxinuls (Pan)
  10 spriggan zombies
  A human skeleton (Vaults:3)
  3 small abominations
  4 deep elf magi
  4 hill giant zombies
  32 earth elementals
  2 neqoxecs (Pan)
  4 raven zombies
  A deep elf fighter (Elf:2)
  A wolf (Lair:4)
  14 deep troll zombies
  A large abomination (Pan)
  An insubstantial wisp (Abyss:2)
  28 human zombies
  An orc warrior (Orc:4)
  3 orb spider zombies
  4 spiny frog zombies
  A mottled dragon (Zot:4)
  3 elephant zombies (Lair:4)
  9 merfolk zombies
  4 snapping turtle zombies (Shoals:2)
  2 spiders
  7 blink frog zombies
  An ogre (Vaults:4)
  2 torpor snail zombies
  3 fire drake zombies
  6 vampire mosquito zombies
  A hog zombie (Shoals:4)
  7 komodo dragon zombies
  2 blink frog skeletons
  25 yaktaur zombies
  5 lost souls
  2 troll zombies
  A fire crab zombie (Depths:4)
  A giant frog (Lair:8)
  A yaktaur skeleton (Vaults:3)
  4 cyclops zombies
  6 elf skeletons
  14 spider zombies
  7 water moccasin zombies
  2 warg zombies
  4 hippogriff zombies
  A boulder beetle zombie (Lair:6)
  A tengu zombie (Vaults:2)
  A polar bear zombie (Lair:4)
  16 yak zombies
  A naga zombie (Vaults:2)
  A crimson imp (D:14)
  12 centaur zombies
  7 giant frog zombies
  47 elf zombies
  A giant frog skeleton (Lair:5)
  3 basilisk zombies
  A hound skeleton (D:7)
  8 two-headed ogre zombies
  2 kobold skeletons (Vaults:3)
  A centaur skeleton (Orc:4)
  An orc wizard (Vaults:3)
  2 porcupine zombies
  19 ogre zombies
  3 crocodile zombies
  10 killer bee zombies
  A dwarf skeleton (D:7)
  2 brain worm zombies (D:13)
  2 necrophage skeletons (Crypt:2)
  2 hound zombies
  2 mummies (Tomb:1)
  2 gnoll zombies (D:7)
  3 white imps (IceCv)
  6 ufetubi
  2 electric eel zombies (Lair:8)
  7 sheep zombies
  2 adder skeletons
  4 adder zombies
  An iguana skeleton (Lair:3)
  3 iguana zombies
  An orc (Shoals:2)
  2 bat zombies (D:9)
  2 giant mite zombies
  21 river rat zombies
  2 giant gecko zombies (D:5)
  2 giant spores
  A gnoll skeleton (D:7)
  A goblin zombie (D:11)
  A hobgoblin zombie (Orc:4)
  7 kobold zombies
  3 lurking horrors
  7 orc skeletons
  95 orc zombies
  3 quokka zombies
  A spectral orc (Lair:7)
  A ballistomycete (D:14)
  2 blocks of ice (Pan)
  A bush (Lair:1)
  A butterfly (Abyss:2)
  668 eldritch tentacle segments
  9 fungi
  22 plants
  143 singularities (Pan)
  54 starspawn tentacles
  860 starspawn tentacle segments
  18 tentacles (Shoals:4)
  285 tentacle segments (Shoals:4)
3274 creatures vanquished.

Grand Total: 10284 creatures vanquished

Notes
Turn   | Place    | Note
--------------------------------------------------------------
     0 | D:1      | Johnny, the Demigod Necromancer, began the quest for the Orb.
     0 | D:1      | Reached XP level 1. HP: 14/14 MP: 3/3
   570 | D:1      | Reached XP level 2. HP: 22/22 MP: 2/4
   888 | D:1      | Reached skill level 1 in Fighting
  1428 | D:2      | Reached XP level 3. HP: 23/28 MP: 1/8
  1494 | D:2      | Learned a level 3 spell: Vampiric Draining
  2374 | D:3      | Reached skill level 4 in Necromancy
  2395 | D:3      | Found a stormy altar of Qazlal.
  2395 | D:3      | Found a white marble altar of Elyvilon.
  2401 | D:3      | Reached XP level 4. HP: 21/35 MP: 4/11
  2677 | D:3      | Learned a level 4 spell: Animate Dead
  2835 | D:3      | Noticed Sigmund
  2843 | D:3      | Killed Sigmund
  2843 | D:3      | Reached skill level 1 in Armour
  2843 | D:3      | Reached XP level 5. HP: 15/41 MP: 2/13
  4078 | D:4      | Found a snail-covered altar of Cheibriados.
  4243 | D:4      | Reached XP level 6. HP: 44/50 MP: 17/17
  4378 | D:4      | Found a sand-covered staircase.
  4384 | Ossuary  | Entered an ossuary
  4474 | Ossuary  | Reached skill level 5 in Necromancy
  5114 | Ossuary  | Reached skill level 1 in Evocations
  5252 | Ossuary  | Reached XP level 7. HP: 33/57 MP: 19/19
  5362 | Ossuary  | Learned a level 4 spell: Control Undead
  5693 | D:4      | Noticed an ogre
  5699 | D:4      | Killed an ogre
  6070 | D:5      | Entered Level 5 of the Dungeon
  6181 | D:5      | Found a glowing drain.
  6207 | Sewer    | Entered a sewer
  6423 | Sewer    | Found a white marble altar of Elyvilon.
  7056 | D:5      | Reached XP level 8. HP: 58/66 MP: 21/21
  7510 | D:6      | Reached skill level 6 in Necromancy
  7838 | D:6      | Found a staircase to the Ecumenical Temple.
  8231 | D:7      | Reached skill level 5 in Fighting
  8231 | D:7      | Reached skill level 5 in Dodging
  8280 | D:7      | Reached skill level 5 in Spellcasting
  8568 | D:7      | Reached XP level 9. HP: 55/74 MP: 19/24
  9297 | D:7      | Noticed a centaur skeleton
  9304 | D:7      | Killed a centaur skeleton
  9304 | D:7      | Reached skill level 7 in Necromancy
  9419 | D:8      | Found a staircase to the Lair.
  9570 | D:8      | Found a deep blue altar of Sif Muna.
 10508 | Lair:1   | Entered Level 1 of the Lair of Beasts
 10514 | Lair:1   | Learned a level 3 spell: Regeneration
 10519 | Lair:1   | Learned a level 4 spell: Force Lance
 11093 | Lair:1   | Reached XP level 10. HP: 52/84 MP: 22/26
 11123 | Lair:1   | Reached skill level 1 in Translocations
 11232 | Lair:1   | Reached skill level 1 in Conjurations
 11346 | Lair:1   | Noticed a komodo dragon
 11357 | Lair:1   | Killed a komodo dragon
 11407 | Lair:1   | Noticed a spiny frog
 11407 | Lair:1   | Noticed a spiny frog
 11410 | Lair:1   | Noticed a black mamba
 11426 | Lair:1   | Killed a spiny frog
 11426 | Lair:1   | Reached skill level 1 in Charms
 11433 | Lair:1   | Killed a spiny frog
 11439 | Lair:1   | Killed a black mamba
 11694 | Lair:1   | Reached skill level 8 in Necromancy
 11701 | Lair:1   | Noticed a komodo dragon
 11709 | Lair:1   | Killed a komodo dragon
 11709 | Lair:1   | Reached skill level 5 in Evocations
 12782 | Lair:2   | Reached XP level 11. HP: 68/92 MP: 14/28
 15345 | Lair:4   | Reached skill level 9 in Necromancy
 15490 | Lair:4   | Noticed a four-headed hydra
 15834 | Lair:4   | Found a hole to the Spider Nest.
 15834 | Lair:4   | Noticed an eight-headed hydra
 15838 | Lair:4   | Reached XP level 12. HP: 80/103 MP: 16/30
 15982 | Lair:4   | Killed a four-headed hydra
 16522 | Lair:4   | Found a staircase to the Shoals.
 16674 | Lair:4   | HP: 2/103 [eight-headed hydra (8)]
 16674 | Lair:4   | Killed an eight-headed hydra
 17076 | Lair:5   | Got a transparent halberd
 17083 | Lair:5   | Identified the +1 halberd "Blius" {speed, SInv} (You found it on level 5 of the Lair of Beasts)
 17323 | Lair:5   | Noticed a six-headed hydra
 17333 | Lair:5   | Killed a seven-headed hydra
 17345 | Lair:5   | Got a brightly glowing ring mail
 17847 | Lair:1   | Identified the +1 ring mail "Orchun" {rC+ Dex+3} (You found it on level 5 of the Lair of Beasts)
 17881 | Lair:1   | Learned a level 6 spell: Iron Shot
 17887 | Lair:1   | Learned a level 5 spell: Phase Shift
 18094 | Lair:6   | Found a frozen archway.
 18137 | IceCv    | Entered an ice cave
 19079 | IceCv    | Reached skill level 1 in Earth Magic
 19134 | IceCv    | Reached skill level 1 in Staves
 19305 | Lair:6   | Reached XP level 13. HP: 78/111 MP: 15/32
 19925 | Lair:6   | Reached skill level 10 in Necromancy
 21065 | Lair:7   | Found a staircase to the Slime Pits.
 21131 | Lair:7   | Reached skill level 5 in Conjurations
 21501 | Lair:7   | Noticed Nergalle
 21582 | Lair:8   | Entered Level 8 of the Lair of Beasts
 22342 | Lair:8   | Got a fine hand axe
 22496 | Lair:8   | Reached skill level 5 in Charms
 23025 | Lair:8   | Identified the cursed +2 hand axe "Ghapop" {venom, rElec rPois rC- rN+} (You found it on level 8 of the Lair of Beasts)
 23372 | D:9      | Found a radiant altar of Vehumet.
 23789 | D:9      | Noticed Thrillho's ghost (experienced OpBe)
 23805 | D:9      | Killed Thrillho's ghost
 23968 | D:9      | Found a burning altar of Makhleb.
 23969 | D:9      | Found a radiant altar of Vehumet.
 23973 | D:9      | Found a sparkling altar of Nemelex Xobeh.
 24544 | D:10     | Entered Level 10 of the Dungeon
 25247 | D:11     | Noticed Harold
 25277 | D:11     | Killed Harold
 25305 | D:11     | Found a staircase to the Orcish Mines.
 25583 | D:11     | Reached XP level 14. HP: 119/119 MP: 26/32
 25632 | D:11     | Reached skill level 5 in Translocations
 26031 | Orc:1    | Entered Level 1 of the Orcish Mines
 26145 | Orc:2    | Reached skill level 10 in Dodging
 26159 | Orc:2    | Found a flagged portal.
 26167 | Orc:2    | Noticed Maurice
 26171 | Bailey   | Entered a bailey
 26660 | Bailey   | Found a roughly hewn altar of Beogh.
 26683 | Bailey   | Reached skill level 10 in Fighting
 26970 | Orc:2    | Noticed Fannar
 26987 | Orc:2    | Killed Fannar
 27030 | Orc:2    | Killed Maurice
 27591 | Orc:3    | Found a dark tunnel.
 27607 | Volcano  | Entered a volcano
 27984 | Volcano  | Found a burning altar of Makhleb.
 28650 | Orc:3    | Found Nagit's Armour Emporium.
 28760 | Orc:3    | Found a glowing silver altar of Zin.
 29028 | Orc:3    | Found a roughly hewn altar of Beogh.
 29175 | Orc:4    | Entered Level 4 of the Orcish Mines
 30892 | Orc:4    | Found Unoox's General Store.
 30892 | Orc:4    | Found Fruis' Antique Weapon Shoppe.
 30895 | Orc:4    | Found Qefeppi's Book Emporium.
 30897 | Orc:4    | Found Axoteefi's Antique Armour Boutique.
 31222 | Orc:4    | Found a staircase to the Elven Halls.
 31275 | Orc:4    | Noticed an orc warlord
 31329 | Orc:3    | Killed an orc warlord
 31592 | Orc:4    | Bought a scroll of magic mapping for 63 gold pieces
 31603 | Orc:4    | Bought a potion of restore abilities for 90 gold pieces
 31603 | Orc:4    | Bought a potion of curing for 54 gold pieces
 31603 | Orc:4    | Bought a beef jerky for 27 gold pieces
 31603 | Orc:4    | Bought a bread ration for 90 gold pieces
 31685 | Orc:3    | Bought the +0 pair of boots "Pnemn" {rF+ MR+ Curse} for 337 gold pieces
 31908 | Lair:1   | Learned a level 3 spell: Flight
 32593 | Orc:1    | Noticed Eustachio
 32600 | Orc:1    | Killed Eustachio
 33049 | Shoals:1 | Entered Level 1 of the Shoals
 34389 | Shoals:2 | Reached skill level 5 in Staves
 34643 | Shoals:2 | Noticed Polyphemus
 34648 | Shoals:2 | Noticed Saint Roka
 34998 | Shoals:2 | Reached skill level 5 in Earth Magic
 35202 | Shoals:1 | Killed Polyphemus
 35251 | Shoals:2 | Got a shimmering whip
 35369 | Shoals:1 | Reached XP level 15. HP: 103/128 MP: 25/34
 35376 | Shoals:1 | Killed Saint Roka
 35938 | Shoals:3 | Reached skill level 10 in Evocations
 36790 | Shoals:4 | Reached skill level 11 in Dodging
 36926 | Shoals:4 | Noticed a kraken
 37142 | Shoals:4 | Noticed Aizul
 37163 | Shoals:4 | Killed Aizul
 37300 | Shoals:4 | Noticed Kirke
 37315 | Shoals:4 | Killed Kirke
 37326 | Shoals:4 | Your ally Kirke died
 37357 | Shoals:4 | Your ally Aizul died
 37673 | Lair:1   | Identified the +5 whip "Tokikafy" {slash, Int+4} (You found it on level 2 of the Shoals)
 39195 | D:13     | Found a gate to the Vaults.
 40022 | D:14     | Reached skill level 10 in Spellcasting
 40296 | D:15     | Entered Level 15 of the Dungeon
 40652 | D:15     | Found a glowing golden altar of the Shining One.
 41141 | D:15     | Found a portal to a secret trove of treasure.
 41428 | Elf:1    | Entered Level 1 of the Elven Halls
 41680 | Elf:1    | Noticed Agnes
 41696 | Elf:1    | Killed Agnes
 42044 | Elf:1    | Your ally Agnes died
 42051 | Elf:1    | Reached XP level 16. HP: 75/137 MP: 33/35
 42581 | Elf:1    | Got a smoking silver amulet
 42583 | Elf:1    | Identified the amulet of Steyn {rCorr +Blink rF+ Stlth+} (You took it off a deep elf knight on level 1 of the Elven Halls)
 42727 | Elf:1    | Noticed a Hell Sentinel
 43175 | Orc:4    | Bought a book of Unlife for 780 gold pieces
 43188 | Orc:4    | Learned a level 6 spell: Death Channel
 43870 | Elf:2    | Got a blackened great mace
 44451 | Elf:2    | Found a runed door.
 44480 | Elf:2    | Found a runed door.
 44516 | Elf:2    | Noticed a deep elf blademaster
 44520 | Elf:2    | Killed a deep elf blademaster
 44522 | Elf:2    | a deep elf blademaster (ally) was killed
 44965 | Lair:1   | Identified the +9 great mace of Infinity {flame, rElec rC+} (You found it on level 2 of the Elven Halls)
 45126 | Spider:1 | Entered Level 1 of the Spider Nest
 46132 | Spider:1 | Noticed Roxanne
 46164 | Spider:1 | Killed Roxanne
 46369 | Spider:1 | Noticed Sonja
 46402 | Spider:1 | Killed Sonja
 46520 | Spider:1 | Your ally Sonja died
 47816 | Spider:3 | Noticed Donald
 47839 | Spider:3 | Killed Donald
 47938 | Spider:3 | Noticed Norris
 47957 | Spider:3 | Your ally Donald died
 47973 | Spider:3 | Killed Norris
 48020 | Spider:3 | Got a faintly glowing buckler
 48031 | Spider:3 | Identified the cursed -1 buckler "Uvarrut" {MR+} (You took it off Norris on level 3 of the Spider Nest)
 48450 | Spider:3 | Reached skill level 12 in Dodging
 49623 | Spider:5 | Entered Level 5 of the Spider Nest
 49920 | Spider:5 | Reached XP level 17. HP: 124/146 MP: 18/36
 50691 | Spider:5 | Got a gossamer rune of Zot
 50812 | Spider:5 | Got a translucent chain mail
 50823 | Spider:5 | Identified the +1 chain mail of Xeulax {Stlth+} (You found it on level 5 of the Spider Nest)
 51164 | Lair:1   | Learned a level 6 spell: Haste
 51409 | Shoals:5 | Entered Level 5 of the Shoals
 52318 | Slime:1  | Entered Level 1 of the Pits of Slime
 52659 | Vaults:1 | Entered Level 1 of the Vaults
 53757 | Vaults:1 | Identified the Compendium of Assistive Conjuration (You found it on level 1 of the Vaults)
 55125 | Vaults:2 | Found a basalt altar of Yredelemnul.
 55133 | Vaults:2 | Paralysed by a sphinx for 7 turns
 55161 | Vaults:2 | Found a staircase to the Crypt.
 55162 | Vaults:2 | Found an ancient bone altar of Kikubaaqudgha.
 55299 | Vaults:2 | Found a radiant altar of Vehumet.
 55299 | Vaults:2 | Noticed a lich
 55313 | Vaults:2 | Killed a lich
 56162 | Vaults:2 | Got a smoking robe
 56182 | Vaults:2 | Identified the +0 robe of Wrong Decisions {rC+ Slay-4 Curse} (You found it on level 2 of the Vaults)
 56257 | Vaults:2 | Got a warped hat
 56281 | Vaults:2 | Identified the cursed +3 hat of the Invisible Hand {MR+ Slay+4} (You found it on level 2 of the Vaults)
 56355 | Vaults:2 | Got a wizard robe
 56366 | Vaults:2 | Identified the cursed -5 robe "Hoduesa" {Str+3 Int+2} (You found it on level 2 of the Vaults)
 56586 | Vaults:3 | Reached XP level 18. HP: 89/155 MP: 22/38
 57529 | Vaults:3 | Found Klaig's Weapon Emporium.
 57699 | Vaults:3 | Found Emecw's Assorted Antiques.
 58324 | Vaults:3 | Reached skill level 13 in Dodging
 60105 | Vaults:4 | Noticed Frederick
 60140 | Vaults:4 | Killed Frederick
 60363 | Vaults:4 | Your ally Frederick died
 60553 | Vaults:4 | Reached skill level 10 in Staves
 60572 | Vaults:4 | Found a glowing silver altar of Zin.
 61067 | Vaults:4 | Got a slimy cloak
 61078 | Vaults:4 | Identified the cursed -4 cloak "Roesy" {rElec rPois rC+} (You found it on level 4 of the Vaults)
 61155 | Vaults:4 | Found Craycwa's Armour Shop.
 62072 | Lair:1   | Learned a level 6 spell: Monstrous Menagerie
 62431 | Lair:1   | Learned a level 2 spell: Stoneskin
 62438 | Lair:1   | Learned a level 5 spell: Dispel Undead
 63193 | D:15     | Found a staircase to the Depths.
 63305 | Depths:1 | Entered Level 1 of the Depths
 63358 | Depths:1 | Reached XP level 19. HP: 142/163 MP: 8/39
 63691 | Depths:1 | Found Ymij Cuu's Demolitions Depot.
 63856 | Depths:1 | Found a gateway to Hell.
 63964 | Depths:1 | Reached skill level 10 in Charms
 64740 | Depths:2 | Found Qaimpe's Food Boutique.
 64865 | Depths:2 | Found a one-way gate to the infinite horrors of the Abyss.
 64980 | Depths:2 | Found a one-way gate leading to the halls of Pandemonium.
 65524 | Depths:2 | Noticed the Enchantress
 65992 | Depths:1 | Killed the Enchantress
 65995 | Depths:1 | Got a faerie dragon armour
 66080 | Depths:1 | Identified the +6 faerie dragon armour {+Inv +Fly} (You took it off the Enchantress on level 1 of the Depths)
 66210 | Depths:2 | Noticed a greater mummy
 66218 | Depths:2 | Killed a greater mummy
 66218 | Depths:2 | Reached skill level 1 in Transmutations
 66250 | Depths:2 | Got a crude flail
 66252 | Depths:2 | Got a steaming dagger
 67180 | Depths:3 | Found a runed door.
 67942 | Depths:3 | Reached XP level 20. HP: 72/172 MP: 1/39
 68200 | Depths:3 | Reached skill level 14 in Necromancy
 68280 | Depths:3 | Noticed a golden dragon
 68722 | Depths:3 | Found a gateway to a ziggurat.
 68741 | Depths:3 | Noticed a golden dragon
 68789 | Depths:3 | Got a spiked ring mail
 68792 | Depths:3 | Identified the +3 ring mail of Vlad {rC+} (You found it on level 3 of the Depths)
 68882 | Depths:3 | Killed a golden dragon
 68889 | Depths:3 | Identified Ofurioni's Volume of Icy Execration
 69499 | Depths:3 | Killed a golden dragon
 69892 | Depths:4 | Identified the +7 flail of Valour {freeze, SInv} (You found it on level 2 of the Depths)
 71797 | Depths:4 | Got a clouded silver ring
 71811 | Depths:4 | Identified the ring "Xazo" {rPois Int-5} (You took it off a vampire knight on level 4 of the Depths)
 72339 | Lair:1   | Learned a level 5 spell: Bolt of Draining
 72488 | Lair:1   | Learned a level 3 spell: Flight
 73186 | Shoals:4 | Killed a kraken
 73490 | Shoals:5 | Noticed Ilsuiw
 73534 | Shoals:5 | Killed Ilsuiw
 74028 | Shoals:5 | Reached skill level 10 in Earth Magic
 74360 | Shoals:5 | Got a barnacled rune of Zot
 74709 | Shoals:5 | Got a translucent quarterstaff
 74710 | Shoals:5 | Identified the +10 quarterstaff of Mana {venom, MR++} (You found it on level 5 of the Shoals)
 75853 | Elf:3    | Entered Level 3 of the Elven Halls
 75918 | Elf:2    | Reached XP level 21. HP: 171/181 MP: 30/40
 77705 | Depths:5 | Entered Level 5 of the Depths
 77921 | Depths:5 | Found a gate to the Realm of Zot.
 77951 | Depths:5 | Reached skill level 5 in Transmutations
 78159 | Depths:5 | Reached skill level 15 in Necromancy
 79242 | Depths:4 | Identified the +6 dagger "Woocwyro" {elec, Str-1} (You found it on level 2 of the Depths)
 80002 | Orc:4    | Bought a Necronomicon for 1324 gold pieces
 80609 | Vaults:3 | Bought a scroll of immolation for 136 gold pieces
 80742 | Vaults:5 | Entered Level 5 of the Vaults
 80747 | Vaults:5 | HEEEEERE WE GOOO
 81537 | Vaults:5 | HP: 8/181 [quicksilver dragon (10)]
 82436 | Vaults:5 | Reached XP level 22. HP: 136/189 MP: 7/41
 82530 | Vaults:5 | Noticed an ancient lich
 82541 | Vaults:5 | Killed an ancient lich
 82657 | Vaults:5 | Got a silver rune of Zot
 82733 | Vaults:5 | Noticed an ancient lich
 82745 | Vaults:5 | Killed an ancient lich
 83955 | Vaults:5 | Identified a +0 pair of boots of running (You found it on level 5 of the Vaults)
 83991 | Vaults:5 | Identified Sif Muna's Volume of Feathery Augmentations (You found it on level 5 of the Vaults)
 84266 | Crypt:1  | Entered Level 1 of the Crypt
 84904 | Elf:3    | Noticed Snorg
 84916 | Elf:3    | Killed Snorg
 84937 | Elf:3    | Found Psouthug's Weapon Emporium.
 85077 | Elf:3    | Your ally Snorg died
 85690 | Elf:3    | Reached skill level 16 in Necromancy
 85939 | Elf:3    | Gained mutation: Scrolls take you a little longer to read. [a neqoxec]
 86331 | Elf:3    | Got a warped amber ring
 86547 | Elf:3    | Identified a scroll of acquirement
 86603 | Elf:3    | Identified Sif Muna's Grimoire of Gliding Conjuration
 86646 | Elf:3    | Got a shimmering hunting sling
 86729 | Elf:3    | Got a heavily runed lapis lazuli ring
 86827 | Elf:3    | Identified the Disquisition on the Voyage
 86919 | Elf:3    | Identified the ring of Zoci {rF+ Str+5 Slay-4 SInv} (You took it off a deep elf annihilator on level 3 of the Elven Halls)
 86921 | Elf:3    | Identified the ring of Mnasu {+Fly Dex+2} (You took it off a deep elf sorcerer on level 3 of the Elven Halls)
 86949 | Elf:3    | Got a shimmering broad axe
 86981 | Elf:3    | Got an ominously black robe
 86996 | Elf:3    | Got a slimy halberd {drain}
 87030 | Elf:3    | Identified the cursed +2 robe of Pnoleobo {Str+3 Int-5} (You took it off a deep elf annihilator on level 3 of the Elven Halls)
 87036 | Elf:3    | Got a shimmering lajatang {freeze}
 87069 | Elf:3    | Identified the +6 lajatang of Corruption {freeze, +Blink +Rage rN+} (You took it off a deep elf annihilator on level 3 of the Elven Halls)
 87129 | Elf:3    | Identified the cursed -1 broad axe "Ghiph" {speed, MR++} (You took it off a deep elf annihilator on level 3 of the Elven Halls)
 87141 | Elf:3    | Identified the +5 halberd of Cobwebs {drain, rElec rN+} (You took it off a deep elf sorcerer on level 3 of the Elven Halls)
 89890 | Orc:4    | Bought a pitted ring mail for 216 gold pieces
 89902 | Orc:4    | Identified the cursed -3 ring mail of the Earth {rN+} (You bought it in a shop on level 4 of the Orcish Mines)
 90257 | Depths:2 | Bought a royal jelly for 20 gold pieces
 90257 | Depths:2 | Bought a meat ration for 50 gold pieces
 90257 | Depths:2 | Bought 2 slices of pizza for 30 gold pieces
 90257 | Depths:2 | Bought a meat ration for 50 gold pieces
 90257 | Depths:2 | Bought a bread ration for 50 gold pieces
 90257 | Depths:2 | Bought a slice of pizza for 15 gold pieces
 90257 | Depths:2 | Bought a bread ration for 50 gold pieces
 90257 | Depths:2 | Bought a beef jerky for 15 gold pieces
 90600 | Lair:1   | Learned a level 5 spell: Dispel Undead
 91377 | Lair:1   | Learned a level 4 spell: Control Undead
 93303 | Crypt:1  | Upgraded the game from 0.16-a0-2921-g3a24241 to 0.16-a0-2934-g71f8417
 93683 | Crypt:2  | Reached skill level 15 in Dodging
 94061 | Crypt:2  | Reached XP level 23. HP: 147/183 MP: 17/41
 94799 | Crypt:2  | Reached skill level 15 in Evocations
 95896 | Crypt:3  | Entered Level 3 of the Crypt
 96310 | Crypt:3  | Reached skill level 15 in Charms
 97551 | Crypt:3  | Reached skill level 17 in Necromancy
 97552 | Crypt:3  | Found an ancient bone altar of Kikubaaqudgha.
 98427 | Crypt:3  | Found a staircase to the Tomb.
 98715 | Crypt:3  | Noticed an ancient lich
 98721 | Crypt:3  | Killed an ancient lich
 98834 | Crypt:3  | Identified the Almanac of Unholy Rites and Boosts (You found it on level 3 of the Crypt)
 98837 | Crypt:3  | Got an encrusted rapier
 98838 | Crypt:3  | Identified the +6 rapier "Twoos" {vamp, SInv} (You found it on level 3 of the Crypt)
 99470 | Crypt:3  | Noticed an ancient lich
 99478 | Crypt:3  | Killed an ancient lich
 99843 | Crypt:3  | Got a wizard robe
 99844 | Crypt:3  | Identified the +2 robe of the Guardian {Str+4 Int+3 Dex+4} (You found it on level 3 of the Crypt)
100071 | Tomb:1   | Entered Level 1 of the Tomb of the Ancients
100939 | Zot:1    | Entered Level 1 of the Realm of Zot
101352 | Zot:1    | Noticed Tiamat
101605 | Zot:1    | Reached skill level 10 in Transmutations
102433 | Zot:1    | Reached XP level 24. HP: 81/162 MP: 20/42
105117 | Zot:3    | Reached skill level 18 in Necromancy
107625 | Lair:1   | Learned a level 8 spell: Death's Door
107635 | Lair:1   | Learned a level 8 spell: Borgnjor's Revivification
107773 | Lair:7   | Killed Nergalle
108928 | Slime:3  | Gained mutation: You are weak. (Str -2) [a shining eye]
108991 | Slime:2  | Gained mutation: Scrolls take you longer to read. [a shining eye]
109010 | Slime:2  | Reached XP level 25. HP: 81/166 MP: 5/42
110711 | Slime:5  | Gained mutation: Your magical capacity is low (-10% MP). [a shining eye]
110712 | Slime:5  | Gained mutation: You are frail (-10% HP). [a shining eye]
111167 | Slime:6  | Entered Level 6 of the Pits of Slime
111734 | Slime:5  | Gained mutation: Your body is slowly deteriorating. [a shining eye]
112181 | Slime:3  | Reached skill level 19 in Necromancy
112816 | Crypt:1  | Lost mutation: Your magical capacity is low (-10% MP). [potion of cure mutation]
112816 | Crypt:1  | Lost mutation: Your body is slowly deteriorating. [potion of cure mutation]
112816 | Crypt:1  | Lost mutation: Scrolls take you longer to read. [potion of cure mutation]
113486 | Slime:6  | Noticed the royal jelly
113541 | Slime:6  | Gained mutation: You expend magic power (6 MP) to slightly strengthen your wands. [a shining eye]
113877 | Slime:6  | Found a viscous altar of Jiyva.
114391 | Slime:6  | Killed the royal jelly
115482 | Slime:6  | Identified the Collected Works on Confrontation
115486 | Slime:6  | Got a fine lead ring
115497 | Slime:6  | Got a scintillating brass ring
115530 | Slime:6  | Identified the Almanac of Bloodstone
115537 | Slime:6  | Identified the ring of Vauhobrep {+Blink rF++ Str+3 SInv} (You found it on level 6 of the Pits of Slime)
115647 | Slime:6  | Identified the ring "Nyseodd" {rElec rPois Str+3 Int+1 Dex-5} (You found it on level 6 of the Pits of Slime)
115654 | Slime:6  | Got a slimy rune of Zot
115673 | Slime:6  | Got a pair of fine boots
115677 | Slime:6  | Identified the +1 pair of boots of the Beekeeper {Int-5 Dex+2} (You found it on level 6 of the Pits of Slime)
115722 | Slime:6  | Got a shimmering scale mail
115800 | Slime:6  | Identified the cursed -2 scale mail "Lioss" {Int+2} (You found it on level 6 of the Pits of Slime)
116128 | Lair:1   | Learned a level 8 spell: Necromutation
116381 | D:15     | You showed the slimy rune of Zot to enter a treasure trove
116382 | Trove    | Entered a treasure trove
116436 | Trove    | Got a faintly glowing cloak
116438 | Trove    | Got a pair of slimy gloves
116441 | Trove    | Got a bloodstained helmet
116445 | Trove    | Got a warped helmet
116449 | Trove    | Got a smoking chain mail
116479 | Trove    | Identified the -4 cloak "Onuim" {rC+ rCorr Dex-3 SInv} (You found it in a treasure trove)
116484 | Trove    | Identified the +1 pair of gloves of the Blizzard {rN+ Int+3} (You found it in a treasure trove)
116494 | Trove    | Identified the +2 helmet "Fihiypsay" {Int-3 Dex+2} (You found it in a treasure trove)
116504 | Trove    | Identified the +1 helmet of Death's Door {+Fly} (You found it in a treasure trove)
116509 | Trove    | Identified the cursed -3 chain mail "Binloi" {rF+} (You found it in a treasure trove)
117124 | Zot:4    | Got a dull robe
117136 | Zot:4    | Identified the cursed +2 robe "Ameikauv" {rElec rPois rCorr Int+4} (You found it on level 4 of the Realm of Zot)
117724 | Lair:1   | Learned a level 5 spell: Dispel Undead
117743 | Lair:1   | Learned a level 5 spell: Bolt of Draining
118271 | Zot:5    | Entered Level 5 of the Realm of Zot
118688 | Zot:5    | Noticed an ancient lich
118695 | Zot:5    | Killed an ancient lich
118697 | Zot:5    | Noticed an orb of fire
118699 | Zot:5    | Noticed an ancient lich
118705 | Zot:5    | Gained mutation: Armour fits poorly on your strangely shaped body. [an orb of fire]
119224 | Zot:4    | Killed an orb of fire
119371 | Zot:5    | Killed an ancient lich
119490 | Zot:5    | Noticed an ancient lich
119496 | Zot:5    | Killed an ancient lich
119496 | Zot:5    | Reached skill level 15 in Fighting
119604 | Zot:5    | Reached XP level 26. HP: 129/145 MP: 39/43
120006 | Zot:5    | Noticed an ancient lich
120016 | Zot:5    | Killed an ancient lich
120152 | Zot:5    | Noticed an orb of fire
120287 | Zot:5    | Killed an orb of fire
121007 | Zot:5    | Noticed an ancient lich
121096 | Zot:5    | Killed an ancient lich
121482 | Zot:5    | Reached skill level 20 in Necromancy
121711 | Zot:5    | Noticed an ancient lich
121713 | Zot:5    | Killed an ancient lich
122083 | Zot:5    | Noticed an ancient lich
122086 | Zot:5    | Killed an ancient lich
122161 | Zot:5    | Noticed an orb of fire
122199 | Zot:5    | Killed an orb of fire
123799 | Zot:5    | Reached skill level 15 in Transmutations
126221 | Tomb:1   | Noticed a greater mummy
126234 | Tomb:1   | Killed a greater mummy
126278 | Tomb:1   | Noticed a greater mummy
126330 | Tomb:1   | Reached XP level 27. HP: 124/155 MP: 16/43
126484 | Tomb:1   | Killed a greater mummy
126618 | Tomb:1   | Noticed a greater mummy
126627 | Tomb:1   | Killed a greater mummy
127011 | Tomb:1   | Identified the Volume of Attacks and Lightness
128763 | Tomb:1   | Noticed a greater mummy
128763 | Tomb:1   | Noticed a greater mummy
128768 | Tomb:1   | Killed a greater mummy
128771 | Tomb:1   | Noticed a greater mummy
128912 | Tomb:1   | Noticed a greater mummy
129117 | Tomb:1   | Killed a greater mummy
129121 | Tomb:1   | Killed a greater mummy
129425 | Tomb:1   | Killed a greater mummy
129517 | Tomb:1   | Noticed a greater mummy
129524 | Tomb:1   | Noticed a greater mummy
129526 | Tomb:1   | Killed a greater mummy
129532 | Tomb:1   | Noticed a greater mummy
129639 | Tomb:1   | Noticed a greater mummy
130071 | Tomb:1   | Killed a greater mummy
130291 | Tomb:1   | Killed a greater mummy
130327 | Tomb:1   | Noticed a greater mummy
130343 | Tomb:1   | Killed a greater mummy
130365 | Tomb:1   | Noticed a greater mummy
130415 | Tomb:1   | Killed a greater mummy
130715 | Tomb:1   | Killed a greater mummy
130794 | Tomb:1   | Noticed a greater mummy
130841 | Tomb:1   | Killed a greater mummy
131074 | Tomb:1   | Noticed a greater mummy
131078 | Tomb:1   | Killed a greater mummy
131345 | Tomb:3   | Entered Level 3 of the Tomb of the Ancients
131538 | Tomb:3   | Noticed Mara
131815 | Tomb:3   | Noticed Johnny's illusion
132015 | Tomb:3   | Noticed Johnny's illusion
132534 | Tomb:2   | Killed Mara
132534 | Tomb:2   | Reached skill level 21 in Necromancy
133499 | Tomb:3   | Noticed Sojobo
133726 | Tomb:3   | Killed Sojobo
135517 | Tomb:3   | Got a golden rune of Zot
135784 | Tomb:3   | Got a sparkling golden ring
135791 | Tomb:3   | Identified the ring "Stuskan" {-Tele Str+1} (You found it on level 3 of the Tomb of the Ancients)
136064 | Tomb:3   | Got a faintly glowing turquoise ring
136067 | Tomb:3   | Identified the ring "Foapir" {+Fly Stlth-} (You found it on level 3 of the Tomb of the Ancients)
136072 | Tomb:3   | Identified the Catalogue of Damaging Beguiling
136093 | Tomb:3   | Got a colourful robe
136094 | Tomb:3   | Identified the cursed -1 robe of Demons {Str+4 Dex-3} (You found it on level 3 of the Tomb of the Ancients)
136115 | Tomb:3   | Got a pitted chain mail
136117 | Tomb:3   | Got a crude hand axe
136125 | Tomb:3   | Identified the cursed +1 hand axe "Ites" {chop, rElec rF+ rN+} (You found it on level 3 of the Tomb of the Ancients)
136128 | Tomb:3   | Got a pitted scale mail
136130 | Tomb:3   | Got a dazzling short sword
136159 | Tomb:3   | Identified the +9 scale mail of Beogh's Displeasure {MR+ rCorr} (You found it on level 3 of the Tomb of the Ancients)
136169 | Tomb:3   | Identified the +7 chain mail of Agnosticism {Str+4 Dex+4} (You found it on level 3 of the Tomb of the Ancients)
137509 | Depths:1 | Your ally Enchantress died
139491 | Zot:1    | Killed Tiamat
140431 | Depths:4 | Voluntarily entered the Abyss.
141635 | Abyss:2  | Lost mutation: You are frail (-10% HP). [potion of cure mutation]
141635 | Abyss:2  | Lost mutation: You expend magic power (6 MP) to slightly strengthen your wands. [potion of cure mutation]
141635 | Abyss:2  | Lost mutation: Scrolls take you a little longer to read. [potion of cure mutation]
141635 | Abyss:2  | Lost mutation: You are weak. (Str -2) [potion of cure mutation]
141635 | Abyss:2  | Lost mutation: Armour fits poorly on your strangely shaped body. [potion of cure mutation]
142052 | Abyss:2  | Found a corrupted altar of Lugonu.
142215 | Abyss:2  | Found a corrupted altar of Lugonu.
142354 | Abyss:2  | Found a corrupted altar of Lugonu.
142377 | Abyss:2  | Found a radiant altar of Vehumet.
142705 | Abyss:2  | Found a corrupted altar of Lugonu.
143534 | Abyss:2  | Paralysed by accursed screaming for 2 turns
143848 | Abyss:2  | Upgraded the game from 0.16-a0-2934-g71f8417 to 0.16-a0-2944-g6f1bef2
145042 | Abyss:2  | Found a corrupted altar of Lugonu.
145209 | Abyss:2  | Found a corrupted altar of Lugonu.
145364 | Abyss:3  | Reached skill level 15 in Staves
145420 | Abyss:3  | Paralysed by accursed screaming for 1 turns
145427 | Abyss:3  | Paralysed by accursed screaming for 2 turns
145722 | Abyss:3  | Found a corrupted altar of Lugonu.
145855 | Abyss:3  | Found a corrupted altar of Lugonu.
146150 | Abyss:3  | Reached skill level 10 in Conjurations
147140 | Abyss:3  | Paralysed by accursed screaming for 1 turns
147147 | Abyss:3  | Paralysed by accursed screaming for 1 turns
147684 | Abyss:3  | Found a corrupted altar of Lugonu.
147690 | Abyss:3  | Got an abyssal rune of Zot
148023 | Abyss:3  | Noticed an ancient lich
148024 | Abyss:3  | Killed an ancient lich
150198 | Abyss:3  | Found a corrupted altar of Lugonu.
150458 | Abyss:3  | Found a corrupted altar of Lugonu.
150729 | Abyss:3  | Got a fine spear
150730 | Abyss:3  | Identified the cursed -2 spear "Osept" {elec, MR+} (You found it on level 3 of the Abyss)
151360 | Abyss:3  | Paralysed by accursed screaming for 1 turns
151536 | Abyss:3  | Found a corrupted altar of Lugonu.
151734 | Depths:4 | Escaped the Abyss
151752 | Depths:4 | Learned a level 9 spell: Fire Storm
151903 | Pan      | Entered the realm of Gloorx Vloq.
151903 | Pan      | Entered Pandemonium
152044 | Pan      | Found an exit through the horrors of the Abyss.
152842 | Pan      | Reached skill level 1 in Fire Magic
153244 | Pan      | Reached skill level 5 in Armour
153323 | Pan      | Noticed Gloorx Vloq
153972 | Pan      | Killed Gloorx Vloq
153972 | Pan      | Reached skill level 10 in Translocations
153992 | Pan      | Got a dark rune of Zot
154123 | Pan      | Found a huge runed gate.
154123 | Pan      | Found a huge runed gate.
154123 | Pan      | Found a huge runed gate.
154123 | Pan      | Found a huge runed gate.
154123 | Pan      | Found a huge runed gate.
154123 | Pan      | Found a huge runed gate.
154123 | Pan      | Found a huge runed gate.
154148 | Pan      | Noticed Imobb the pandemonium lord
154163 | Pan      | Killed Imobb the pandemonium lord
154753 | Pan      | Found an exit through the horrors of the Abyss.
155160 | Pan      | Found an exit through the horrors of the Abyss.
155382 | Pan      | Reached skill level 5 in Stealth
155705 | Pan      | Noticed Ferifiuq the pandemonium lord
155772 | Pan      | Killed Ferifiuq the pandemonium lord
156243 | Pan      | Took an exit into the Abyss.
156243 | Abyss:1  | Escaped into the Abyss
156321 | Abyss:1  | Paralysed by accursed screaming for 2 turns
156372 | Abyss:1  | Paralysed by accursed screaming for 1 turns
156802 | Depths:3 | Escaped the Abyss
157221 | Lair:1   | Learned a level 9 spell: Singularity
157565 | Pan      | Entered Pandemonium
157580 | Pan      | Found an exit through the horrors of the Abyss.
157941 | Pan      | Noticed Waikhl Fuupt the pandemonium lord
157970 | Pan      | Took an exit into the Abyss.
157970 | Abyss:1  | Escaped into the Abyss
158325 | Depths:2 | Escaped the Abyss
158327 | Pan      | Entered Pandemonium
158369 | Pan      | Found an exit through the horrors of the Abyss.
159810 | Pan      | Noticed Xiwnazag the pandemonium lord
159866 | Depths:2 | Escaped Pandemonium
160065 | Pan      | Entered Pandemonium
160065 | Pan      | Found an exit through the horrors of the Abyss.
160976 | Pan      | Noticed Puhip the pandemonium lord
161011 | Pan      | Killed Puhip the pandemonium lord
161645 | Pan      | Found an exit through the horrors of the Abyss.
161927 | Pan      | Noticed Uzeonuosm the pandemonium lord
162284 | Pan      | Killed Uzeonuosm the pandemonium lord
162450 | Depths:2 | Escaped Pandemonium
162462 | Pan      | Entered Pandemonium
162583 | Pan      | Got a fine sapphire amulet
162589 | Pan      | Identified the amulet "Vemiw" {rF- SInv Regen} (You found it in Pandemonium)
163232 | Pan      | Found an exit through the horrors of the Abyss.
163580 | Pan      | Reached skill level 15 in Translocations
163650 | Pan      | Got a heavily runed bronze ring
163652 | Pan      | Identified the ring of Chyfog {AC+2 Int+2 Dex+4} (You acquired it in Pandemonium)
163672 | Pan      | Noticed Bleish the pandemonium lord
163683 | Pan      | Killed Bleish the pandemonium lord
163715 | Pan      | Got a sparkling steel ring
163718 | Pan      | Identified the ring "Ecut" {Contam MR+} (You found it in Pandemonium)
164495 | Pan      | Found an exit through the horrors of the Abyss.
165484 | Pan      | Noticed Vaus the pandemonium lord
165492 | Pan      | Killed Vaus the pandemonium lord
166096 | Pan      | Got a demonic rune of Zot
167175 | Pan      | Found an exit through the horrors of the Abyss.
167381 | Pan      | Found an exit through the horrors of the Abyss.
167537 | Pan      | Found a runed door.
168158 | Pan      | Noticed Bangaar the pandemonium lord
168172 | Pan      | Killed Bangaar the pandemonium lord
168611 | Pan      | Found an exit through the horrors of the Abyss.
169002 | Pan      | Noticed Tyuzuy the pandemonium lord
169471 | Pan      | Killed Tyuzuy the pandemonium lord
169914 | Pan      | Entered the realm of Mnoleg.
169914 | Pan      | Found an exit through the horrors of the Abyss.
170465 | Pan      | Paralysed by a giant eyeball for 3 turns
170532 | Pan      | Noticed Mnoleg
170583 | Pan      | Killed Mnoleg
170801 | Pan      | Got a glowing rune of Zot
171503 | Pan      | Found a huge runed gate.
171629 | Pan      | Found an exit through the horrors of the Abyss.
173026 | Pan      | Noticed Usucwaq the pandemonium lord
173073 | Pan      | Killed Usucwaq the pandemonium lord
173109 | Depths:2 | Escaped Pandemonium
173121 | Pan      | Entered Pandemonium
173175 | Pan      | Got a faintly glowing shield
173190 | Pan      | Identified the cursed -7 shield "Cria" {Str+2 Int+2 Dex+1} (You found it in Pandemonium)
173854 | Pan      | Noticed Kloavuwn the pandemonium lord
173878 | Pan      | Killed Kloavuwn the pandemonium lord
174050 | Pan      | Found an exit through the horrors of the Abyss.
174313 | Pan      | Found an exit through the horrors of the Abyss.
174763 | Pan      | Noticed Ziprunt the pandemonium lord
174783 | Pan      | Killed Ziprunt the pandemonium lord
175135 | Pan      | Got a scintillating pewter amulet
175140 | Pan      | Identified the amulet of Clilaceu {Inacc +Blink MR+ SInv} (You found it in Pandemonium)
175206 | Pan      | Noticed Rewn the pandemonium lord
175217 | Pan      | HP: 9/205 [Hell Sentinel (13)]
175217 | Pan      | HP: 2/205 [Hell Sentinel (7)]
175225 | Pan      | Entered the realm of Cerebov.
175642 | Pan      | Reached skill level 22 in Translocations
175772 | Pan      | Found an exit through the horrors of the Abyss.
176158 | Pan      | Noticed Cerebov
178973 | Pan      | Reached skill level 15 in Spellcasting
179936 | Pan      | Got a fiery rune of Zot
180033 | Pan      | Killed Cerebov
180097 | Pan      | Gained mutation: Your flesh is heat resistant. [mutagenic glow]
180411 | Pan      | Got a translucent dagger
180416 | Pan      | Identified the +7 dagger "ETAOIN SHRDLU" {freeze, +Blink rN+} (You found it in Pandemonium)
180443 | Pan      | Got a pitted flail
180635 | Pan      | Got a heavily runed lapis lazuli ring
180638 | Pan      | Identified the ring "Kooseh" {SInv Stlth-} (You took it off an efreet in Pandemonium)
180794 | Pan      | Found an exit through the horrors of the Abyss.
181433 | Pan      | Noticed Prezeif the pandemonium lord
181974 | Pan      | Killed Prezeif the pandemonium lord
182412 | Pan      | Identified the +0 flail "Diap" {flame, +Rage rPois rC+} (You found it in Pandemonium)
182429 | Pan      | Found an exit through the horrors of the Abyss.
182567 | Pan      | Noticed Cleocs the pandemonium lord
182665 | Pan      | Took an exit into the Abyss.
182665 | Abyss:1  | Escaped into the Abyss
182694 | Depths:2 | Escaped the Abyss
182718 | Pan      | Entered Pandemonium
182787 | Pan      | Found an exit through the horrors of the Abyss.
182923 | Pan      | Found a huge runed gate.
183374 | Pan      | Reached skill level 23 in Translocations
183798 | Pan      | Noticed Tuck the pandemonium lord
183805 | Pan      | Killed Tuck the pandemonium lord
183914 | Pan      | Noticed Zill the pandemonium lord
183973 | Pan      | Gained mutation: Scrolls take you a little longer to read. [mutagenic glow]
184233 | Pan      | Killed Zill the pandemonium lord
184755 | Pan      | Found an exit through the horrors of the Abyss.
185180 | Pan      | Cast into the Abyss (miscasting Singularity)
185180 | Abyss:1  | Found a corrupted altar of Lugonu.
185187 | Pan      | Escaped the Abyss
185330 | Pan      | Got a crude quarterstaff
185333 | Pan      | Identified the cursed +5 quarterstaff of Egoitey {flame, *Tele rPois} (You found it in Pandemonium)
185659 | Pan      | Found an exit through the horrors of the Abyss.
185707 | Pan      | Noticed Mnegh the pandemonium lord
185723 | Pan      | Killed Mnegh the pandemonium lord
186172 | Pan      | Entered the realm of Lom Lobon.
186329 | Pan      | Found an exit through the horrors of the Abyss.
187008 | Pan      | Noticed Lom Lobon
187073 | Pan      | Killed Lom Lobon
187080 | Pan      | Got a magical rune of Zot
187716 | Pan      | Found an exit through the horrors of the Abyss.
188053 | Pan      | Noticed Uptozo the pandemonium lord
188067 | Pan      | Killed Uptozo the pandemonium lord
188292 | Pan      | Got a coiled ivory ring
188294 | Pan      | Identified the ring of Absolutism {+Rage rPois MR+} (You found it in Pandemonium)
188438 | Pan      | Got a transparent jade amulet
188440 | Pan      | Identified the amulet of Creativity {rMut +Rage +Fly rC+ rN+} (You found it in Pandemonium)
188901 | Pan      | Found an exit through the horrors of the Abyss.
188905 | Pan      | Identified the Disquisition on Scorching Good Luck (You found it in Pandemonium)
188962 | Pan      | Noticed Gaareihi the pandemonium lord
188988 | Pan      | Killed Gaareihi the pandemonium lord
189495 | Pan      | Took an exit into the Abyss.
189495 | Abyss:1  | Escaped into the Abyss
189527 | Abyss:1  | Got a steaming buckler
189528 | Abyss:1  | Identified the +2 buckler "Vaifraela" {Int+5} (You found it on level 1 of the Abyss)
189550 | Depths:2 | Escaped the Abyss
189552 | Depths:2 | Upgraded the game from 0.16-a0-2944-g6f1bef2 to 0.16-a0-2970-ge3807df
189922 | Lair:1   | Learned a level 7 spell: Controlled Blink
190278 | Pan      | Entered Pandemonium
190330 | Pan      | Reached skill level 10 in Armour
190582 | Pan      | Noticed Laenivvu the pandemonium lord
190602 | Pan      | Killed Laenivvu the pandemonium lord
190761 | Pan      | Identified the Almanac of Assistive Lightness (You found it in Pandemonium)
190995 | Pan      | Found an exit through the horrors of the Abyss.
191000 | Pan      | Got a scorched cloak
191011 | Pan      | Identified the +1 cloak "Buir" {+Fly MR+ Int+2 Stlth+} (You found it in Pandemonium)
191610 | Depths:2 | Escaped Pandemonium
191617 | Pan      | Entered Pandemonium
192005 | Pan      | Noticed Emaen the pandemonium lord
192015 | Pan      | Killed Emaen the pandemonium lord
192340 | Pan      | Found an exit through the horrors of the Abyss.
193244 | Pan      | Found a runed door.
193360 | Pan      | Noticed Emanoits the pandemonium lord
193376 | Pan      | Killed Emanoits the pandemonium lord
193564 | Pan      | Found an exit through the horrors of the Abyss.
194557 | Pan      | Found an exit through the horrors of the Abyss.
195562 | Depths:2 | Escaped Pandemonium
195569 | Pan      | Entered Pandemonium
196328 | Pan      | Got a crude lead ring
198014 | Pan      | Noticed a seraph
198024 | Pan      | Killed a seraph
198095 | Pan      | Starved to death

Action                   |  1- 3 |  4- 6 |  7- 9 | 10-12 | 13-15 | 16-18 | 19-21 | 22-24 | 25-27 || total
-------------------------+-------+-------+-------+-------+-------+-------+-------+-------+-------++-------
Melee: Unarmed           |    39 |       |       |       |       |       |       |       |       ||    39
       Dagger            |    19 |   166 |   559 |   488 |       |       |       |       |       ||  1232
       Lajatang          |       |       |       |   272 |  1898 |  1722 |  1606 |  2327 | 12093 || 19918
       Halberd           |       |       |       |    46 |       |       |       |       |       ||    46
       Hand axe          |       |       |       |       |    72 |       |       |       |       ||    72
 Cast: Pain              |    64 |    21 |    52 |    29 |   106 |    15 |       |       |       ||   287
       Vampiric Draining |     2 |    10 |    50 |   225 |   479 |   368 |   295 |   149 |   535 ||  2113
       Animate Dead      |       |       |    29 |    52 |   208 |   149 |   112 |    84 |       ||   634
       Control Undead    |       |       |     1 |       |     1 |       |       |    19 |    14 ||    35
       Regeneration      |       |       |       |     2 |     6 |    59 |    94 |    96 |    77 ||   334
       Phase Shift       |       |       |       |     8 |    10 |    19 |    45 |    36 |   366 ||   484
       Force Lance       |       |       |       |     1 |       |       |       |       |       ||     1
       Flight            |       |       |       |       |     1 |     1 |     9 |       |       ||    11
       Death Channel     |       |       |       |       |       |   141 |   109 |    67 |       ||   317
       Iron Shot         |       |       |       |       |       |     3 |     5 |    44 |   257 ||   309
       Haste             |       |       |       |       |       |     5 |    27 |    22 |   185 ||   239
       Dispel Undead     |       |       |       |       |       |     2 |    11 |   243 |   205 ||   461
       Bolt of Draining  |       |       |       |       |       |       |    69 |    17 |    75 ||   161
       Stoneskin         |       |       |       |       |       |       |     1 |       |       ||     1
       Necromutation     |       |       |       |       |       |       |       |       |   751 ||   751
       Death's Door      |       |       |       |       |       |       |       |       |     3 ||     3
       Borgnjor's Revivi |       |       |       |       |       |       |       |       |     1 ||     1
       Singularity       |       |       |       |       |       |       |       |       |   136 ||   136
 Abil: Evoke Flight      |       |       |     1 |       |       |       |       |       |       ||     1
       Evoke Blink       |       |       |       |       |       |       |       |     5 |     6 ||    11
       End Transformatio |       |       |       |       |       |       |       |       |    14 ||    14
Evoke: Wand              |       |       |     5 |    66 |    36 |    17 |    19 |    24 |    60 ||   227
       Fan of gales      |       |       |       |       |     5 |     8 |    17 |    17 |    72 ||   119
       Disc of storms    |       |       |       |       |     1 |       |       |       |     4 ||     5
       Phantom mirror    |       |       |       |       |       |     1 |       |     1 |     2 ||     4
       Sack of spiders   |       |       |       |       |       |     8 |       |       |       ||     8
       Phial of floods   |       |       |       |       |       |       |     6 |    10 |    80 ||    96
       Stone of tremors  |       |       |       |       |       |       |     5 |     3 |    35 ||    43
       Crystal ball of e |       |       |       |       |       |       |     6 |       |   227 ||   233
       Lamp of fire      |       |       |       |       |       |       |       |     7 |    48 ||    55
  Use: Scroll            |     4 |     1 |    16 |    16 |    35 |    24 |    33 |    25 |    54 ||   208
       Potion            |       |       |       |       |    11 |    13 |    31 |     8 |    34 ||    97
 Stab: Sleeping          |     3 |     5 |    18 |     7 |    22 |    16 |    11 |    11 |    12 ||   105
       Distracted        |       |       |       |     9 |    30 |    53 |    28 |    42 |    98 ||   260
       Invisible         |       |       |       |       |     3 |       |     3 |       |     1 ||     7
       Confused          |       |       |       |       |       |       |     3 |     4 |     3 ||    10
       Paralysed         |       |       |       |       |       |       |       |       |     3 ||     3
       Petrifying        |       |       |       |       |       |       |       |       |     1 ||     1
  Eat: Chunk             |     5 |     8 |    17 |    28 |    59 |    74 |    46 |    34 |    26 ||   297
       Beef jerky        |       |     1 |     1 |       |    10 |     2 |     1 |     6 |     2 ||    23
       Bread ration      |       |       |     2 |       |       |       |     4 |    15 |     9 ||    30
       Pizza             |       |       |     1 |     1 |     4 |       |     1 |     5 |     4 ||    16
       Fruit             |       |       |       |    19 |     7 |     8 |     7 |       |     6 ||    47
       Royal jelly       |       |       |       |     1 |    10 |     2 |     4 |     2 |       ||    19
       Meat ration       |       |       |       |       |     1 |     9 |    10 |     7 |     5 ||    32
